Map: Ice and Chrome LE

Players

MaxPax - Winner!

  • Race: Protoss Protoss
  • League: Master
  • Spawn Location: 1:00

Arctur

  • Race: Terran Terran
  • Spawn Location: 7:00

Event: DreamHack SC2 Masters 2020 Fall

VOD

Have the link to the VOD?

Description

Time

  • Played on: Sept. 6, 2020, 11:17 a.m.
  • Length: 10:57

All games in this series

Show
View Real Time Build Order
Export as new Build Order

MaxPax Protoss - Winner!

Build Orders: Phoenix Opening 

Get SALT Encoding   

  12  0:00  Probe  
  13  0:12  Probe  
  14  0:17  Pylon  
  14  0:24  Probe (Chrono Boost)  
  15  0:36  Gateway, Probe (Chrono Boost)  
  16  0:44  Probe (Chrono Boost)  
  16  0:49  Assimilator  
  17  0:50  Probe  
  18  1:03  Probe  
  19  1:15  Probe  
  20  1:23  Zealot  
  22  1:26  Cybernetics Core  
  22  1:29  Pylon  
  22  1:30  Probe  
  24  1:54  Probe  
  24  1:56  Nexus  
  24  2:00  Adept (Chrono Boost)  
  24  2:06  Probe  
  26  2:09  Assimilator  
  26  2:18  Probe  
  26  2:22  Adept (Chrono Boost)  
  29  2:30  Probe  
  30  2:41  Stargate  
  30  2:42  Probe  
  31  2:46  Shield Battery  
  30  2:54  Probe  
  31  2:59  Pylon  
  31  3:01  Warp Gate  
  31  3:08  Probe (Chrono Boost)  
  33  3:13  Probe (Chrono Boost)  
  33  3:17  Probe (Chrono Boost)  
  35  3:21  Probe (Chrono Boost)  
  35  3:22  Probe (Chrono Boost)  
  35  3:23  Phoenix (Chrono Boost)  
  38  3:32  Probe  
  39  3:34  Probe  
  39  3:39  Phoenix  
  40  3:41  Gateway  
  40  3:44  Probe  
  40  3:46  Probe  
  44  3:52  Gateway  
  44  3:56  Probe  
  44  3:57  Pylon  
  44  3:59  Probe  
  46  4:15  Phoenix, Zealot  
  50  4:18  Probe x2  
  51  4:31  Nexus  
  51  4:35  Pylon  
  51  4:41  Twilight Council  
  51  4:42  Pylon  
  51  4:43  Oracle (Chrono Boost)  
  54  4:55  Probe  
  54  4:57  Assimilator  
  54  4:59  Robotics Facility, Zealot  
  57  5:01  Probe  
  58  5:07  Probe  
  58  5:09  Charge (Chrono Boost)  
  58  5:12  Zealot  
  58  5:13  Zealot, Probe  
  64  5:19  Probe  
  65  5:25  Probe  
  65  5:28  Phoenix (Chrono Boost)  
  68  5:31  Probe  
  68  5:33  Forge  
  69  5:38  Probe  
  70  5:45  Probe  
  70  5:47  Probe  
  70  5:48  Phoenix (Chrono Boost), Observer  
  75  5:50  Zealot x3  
  75  5:57  Probe  
  80  6:07  Probe  
  80  6:08  Phoenix (Chrono Boost)  
  77  6:13  Probe  
  76  6:20  Zealot x3  
  76  6:21  Protoss Ground Armor Level 1 (Chrono Boost), Probe x2  
  76  6:22  Warp Prism (Chrono Boost)  
  76  6:25  Probe  
  85  6:30  Gateway  
  85  6:35  Pylon  
  85  6:46  Phoenix  
  85  6:51  Probe x2  
  81  6:56  Probe  
  81  7:00  Zealot x3  
  86  7:03  Probe  
  86  7:04  Probe  
  86  7:05  Assimilator x2  
  86  7:07  Pylon  
  88  7:12  Gateway, Probe  
  85  7:15  Gateway  
  85  7:17  Phoenix, Gateway  
  85  7:18  Gateway  
  81  7:29  Zealot x4  
  86  7:34  Probe  
  86  7:37  Robotics Bay, Probe x2  
  89  7:50  Pylon  
  89  7:51  Zealot x4  
  89  7:55  Forge, Phoenix  
  99  7:58  Pylon  
  95  8:10  Zealot x2  
  95  8:11  Zealot x2  
  95  8:12  Zealot x2  
  101  8:13  Probe  
  101  8:14  Probe  
  101  8:20  Phoenix, Observer  
  101  8:24  Nexus  
  100  8:27  Nexus  
  100  8:28  Protoss Ground Weapons Level 1 (Chrono Boost)  
  92  8:34  Protoss Ground Armor Level 2 (Chrono Boost)  
  92  8:40  Zealot x4  
  96  8:45  Colossus (Chrono Boost)  
  100  8:50  Sentry  
  102  8:56  Observer  
  102  8:59  Templar Archives  
  102  9:01  Zealot x3  
  108  9:06  Zealot x2  
  108  9:09  Observer  
  112  9:10  Extended Thermal Lance (Chrono Boost)  
  112  9:19  Pylon  
  112  9:23  Pylon  
  112  9:25  Zealot  
  112  9:26  Assimilator  
  112  9:28  Observer  
  112  9:30  Assimilator  
  113  9:35  Observer (Chrono Boost)  
  114  9:42  Photon Cannon  
  114  9:43  High Templar x3  
  114  9:44  Zealot, High Templar  
  114  9:45  Zealot x2  
  128  9:47  Observer  
  128  9:50  Archon, Colossus (Chrono Boost)  
  128  9:51  Archon  
  128  9:52  Zealot  
  130  9:56  Photon Cannon  
  136  10:05  Probe x2  
  138  10:07  Probe x2  
  140  10:17  Zealot x4  
  148  10:23  Pylon  
  148  10:24  Probe  
  148  10:25  Pylon  
  148  10:27  Pylon  
  145  10:31  Pylon  
  145  10:34  Zealot x2  
  144  10:41  Zealot  
  144  10:42  Zealot x3  
  136  10:55  Zealot x4  
Show
View Real Time Build Order
Export as new Build Order

Arctur Terran 

Build Orders:  

Get SALT Encoding   

  12  0:00  SCV  
  13  0:12  SCV  
  14  0:17  Supply Depot  
  14  0:24  SCV  
  15  0:38  SCV  
  15  0:40  Barracks  
  16  0:44  Refinery  
  16  0:50  SCV  
  16  0:53  Refinery  
  17  1:02  SCV  
  18  1:14  SCV  
  19  1:27  Orbital Command, Reaper  
  19  1:31  Supply Depot  
  20  1:50  Factory  
  20  1:58  SCV  
  20  1:59  Reaper  
  22  2:10  SCV  
  23  2:31  Command Center, SCV  
  23  2:34  Hellion  
  26  2:42  Armory  
  26  2:49  Supply Depot  
  26  2:50  SCV  
  27  2:56  Factory Tech Lab  
  27  2:59  Barracks Reactor  
  27  3:02  SCV  
  28  3:14  SCV  
  28  3:16  Starport  
  29  3:26  SCV  
  30  3:29  Drilling Claws  
  30  3:35  Widow Mine, Marine x2  
  30  3:38  SCV  
  35  3:45  Orbital Command  
  35  3:48  Supply Depot  
  35  3:50  SCV  
  35  3:52  Medivac  
  35  3:55  Marine x2  
  40  3:58  Widow Mine  
  40  4:02  SCV  
  43  4:15  Marine x2  
  43  4:17  SCV x2  
  43  4:19  Widow Mine, Supply Depot  
  47  4:28  Medivac  
  47  4:33  SCV x2, Marine x2  
  47  4:34  Supply Depot  
  51  4:41  Widow Mine  
  51  4:45  SCV x2  
  55  4:53  Marine x2  
  55  4:57  SCV x2, Supply Depot  
  59  5:02  Widow Mine  
  61  5:09  SCV x2  
  59  5:21  SCV  
  59  5:22  SCV  
  59  5:25  Command Center  
  59  5:27  Medivac  
  61  5:33  Barracks x2, SCV  
  61  5:34  SCV  
  62  5:37  Stimpack, Widow Mine x2, Marine  
  62  5:42  Supply Depot  
  67  5:50  SCV x2  
  67  5:55  Engineering Bay x2  
  68  6:09  Widow Mine  
  68  6:10  Widow Mine  
  69  6:13  SCV x2  
  71  6:23  Barracks Reactor x2  
  69  6:25  SCV  
  69  6:26  Terran Infantry Armor Level 1, SCV, Terran Infantry Weapons Level 1  
  69  6:27  Refinery  
  69  6:28  Bunker, Refinery  
  71  6:34  Barracks  
  71  6:35  Barracks  
  71  6:38  Starport Reactor, SCV x2  
  74  6:41  Orbital Command  
  74  6:44  Factory Tech Lab  
  71  6:50  Marine  
  71  6:52  SCV  
  65  6:58  SCV  
  63  7:01  Widow Mine x2, Marine x4  
  63  7:04  SCV  
  61  7:08  SCV, Marine  
  61  7:10  SCV  
  56  7:16  SCV  
  56  7:19  Marine x4  
  56  7:20  SCV  
  56  7:22  SCV  
  59  7:23  Widow Mine  
  59  7:25  Marine  
  59  7:26  Marine  
  59  7:28  SCV  
  60  7:32  SCV  
  60  7:33  Combat Shield  
  60  7:34  Medivac x2, SCV  
  66  7:37  Marine x4  
  66  7:40  SCV  
  66  7:44  Widow Mine x2  
  73  7:45  SCV  
  73  7:46  Barracks Tech Lab, SCV  
  73  7:47  Barracks Tech Lab  
  77  7:52  SCV  
  77  7:55  Marine x2  
  77  7:57  SCV  
  80  7:58  SCV  
  80  8:01  Marine x2  
  80  8:05  SCV  
  78  8:07  Marauder, Widow Mine x2, Marine x2  
  78  8:13  Marine  
  71  8:20  Marine x3  
  71  8:24  Marine x2  
  70  8:28  Marine  
  70  8:30  Marine  
  70  8:31  SCV  
  70  8:32  SCV  
  67  8:38  Marine x3  
  68  8:43  Marine  
  69  9:00  Orbital Command  
  69  9:01  SCV x2  
  72  9:03  Marine x3  
  74  9:17  Marauder, Marine x3  
  76  9:18  Missile Turret  
  76  9:20  SCV x2  
  81  9:25  Widow Mine x2  
  81  9:26  SCV  
  86  9:32  SCV  
  86  9:33  SCV  
  86  9:38  SCV  
  87  9:43  Supply Depot  
  87  9:45  Medivac, SCV x2  
  91  9:46  Widow Mine x2  
  91  9:47  Medivac  
  91  9:50  SCV  
  98  9:54  Ghost Academy  
  98  9:57  SCV x2  
  98  9:58  Marine x2  
  102  10:02  SCV  
  103  10:07  Supply Depot x2  
  103  10:09  SCV x2  
  105  10:14  SCV, Marine x2  
  105  10:15  Marauder  
  105  10:19  Marine x2  
  105  10:20  Marauder  
  111  10:22  Marauder  
  111  10:27  SCV x2  
  111  10:30  SCV  
  110  10:36  Marauder  
  99  10:44  SCV  

Tags
 
Add a new tag
Caveats
  • Supply blocks, unpowered buildings, or Contaminate may cause inaccurate times.
  • Supply counts are checked every 10 seconds.